 Dungeon Crawl Stone Soup version 0.29.1-15-g9cfb28693d (webtiles) character file.

Game seed: 5183296498739624326

762 FrenchFrogAreCool the Chopper (level 7, -5/63 HPs)
             Began as a Minotaur Berserker on May 1, 2023.
             Was a Priest of Trog.
             Slain by Duvessa
             ... wielding a +7 rapier
              (17 damage)
             ... on level 4 of the Dungeon.
             The game lasted 00:03:38 (4372 turns).

FrenchFrogAreCool the Chopper (Minotaur Berserker)  Turns: 4372, Time: 00:03:39

Health: -5/63      AC: 11    Str: 24    XL:     7   Next: 51%
Magic:  6/6        EV: 13    Int:  4    God:    Trog [***...]
Gold:   230        SH:  0    Dex:  9    Spells: 6/6 levels left

rFire   . . .      SeeInvis .   h - +0 war axe
rCold   . . .      Faith    .   (no shield)
rNeg    + . .      Spirit   .   q - +0 chain mail
rPois   .          Reflect  .   (helmet restricted)
rElec   .          Harm     .   (no cloak)
rCorr   .          Rampage  .   (no gloves)
Will    .....                   k - +1 pair of boots
Stlth   ..........              (no amulet)
HPRegen 0.20/turn               n - +4 ring of evasion
MPRegen 0.10/turn               o - ring of positive energy

@: no status effects
A: horns 2, retaliatory headbutt
a: Renounce Religion, Berserk, Trog's Hand


You were on level 4 of the Dungeon.
You worshipped Trog.
Trog was most pleased with you.
You visited 1 branch of the dungeon, and saw 4 of its levels.

You collected 230 gold pieces.

Inventory:

Hand Weapons
 a - a +0 hand axe
 h - a +0 war axe (weapon)
Armour
 k - a +1 pair of boots (worn)
 q - a +0 chain mail (worn)
Jewellery
 n - a +4 ring of evasion (left hand)
 o - a ring of positive energy (right hand)
Scrolls
 d - 2 scrolls of identify {unknown}
 e - 2 scrolls of torment {unknown}
 g - a scroll of silence {unknown}
 i - a scroll of teleportation {unknown}
 j - 2 scrolls of vulnerability {unknown}
 l - 3 scrolls of immolation {unknown}
 m - 3 scrolls of butterflies {unknown}
 u - a scroll of amnesia {unknown}
 v - 2 scrolls of fear {unknown}
 y - a scroll of acquirement {unknown}
Potions
 b - a potion of degeneration {unknown}
 c - 5 potions of heal wounds {unknown}
 f - 3 potions of mutation {unknown}
 p - a potion of flight {unknown}
 r - a potion of resistance {unknown}
 s - a potion of ambrosia {unknown}
 t - a potion of berserk rage {unknown}
 w - a potion of curing {unknown}
 x - a potion of attraction {unknown}


   Skills:
 + Level 6.0 Fighting
 + Level 7.9 Axes
 + Level 4.3 Armour
 + Level 3.9 Dodging
 + Level 0.7 Stealth


You had 6 spell levels left.
You didn't know any spells.
Your spell library was empty.

Dungeon Overview and Level Annotations

Branches:
Dungeon (4/15)
 Temple: D:4-7

Altars:
Ashenzari
Cheibriados
Trog

Annotations:
D:4 Duvessa


Innate Abilities, Weirdness & Mutations

You have a pair of horns on your head.
You reflexively headbutt those who attack you in melee.


Message History

There are monsters nearby!
You slash Dowan!
You kill Dowan!
Trog accepts your kill.
Trog appreciates your killing of a magic user.
Duvessa screams in rage.
Duvessa goes berserk!
You hit Duvessa but do no damage. Duvessa hits you with a +7 rapier!
Duvessa hits you with a +7 rapier.
Duvessa is nearby!
You barely miss Duvessa. You headbutt Duvessa. Your punch misses Duvessa.
Duvessa is lightly wounded.
Duvessa hits you with a +7 rapier. Duvessa misses you.
Unknown command.
Duvessa is nearby!
You hit Duvessa but do no damage. You headbutt Duvessa, but do no damage.
Duvessa is lightly wounded.
Duvessa closely misses you.
Unknown command.
Duvessa is nearby!
You slash Duvessa!
Duvessa is moderately wounded.
Duvessa barely misses you. Duvessa hits you with a +7 rapier!!
Unknown command.
Duvessa is nearby!
You are too injured to fight recklessly!
Duvessa is nearby!
Unknown command.
Duvessa hits you with a +7 rapier!
* * * LOW HITPOINT WARNING * * *
Things that are here:
a +0 dagger; a +0 robe; 7 stones Unknown command.
You slash Duvessa!
Duvessa is heavily wounded.
Duvessa barely misses you. x2
Unknown command.
You barely miss Duvessa.
Duvessa is heavily wounded.
Duvessa barely misses you. Duvessa hits you with a +7 rapier!
You die...

....##...........######
.....#####.#####......#
.....# #............#
.....# #########....##
...... #### #..<..#
...### .....####.....#
.... #....#.....# #
#######.......#
......e@......#
#########.....# #.....#
#.....# #.....# #.....#
#######


You could see Duvessa (berserk).

Vanquished Creatures
  Pikel (D:4)
  2 lemures (D:4)
  Dowan (D:4)
  An orc priest (D:3)
  2 orc wizards (D:3)
  7 adders
  4 worms
  2 dart slugs
  3 orcs (D:3)
  8 endoplasms
  3 giant cockroaches
  9 goblins
  10 hobgoblins
  15 jackals
  4 quokkas
  8 ball pythons
  6 bats
  5 frilled lizards
  9 kobolds
  A rat (D:1)
101 creatures vanquished.

Notes
Turn   | Place    | Note
-------+----------+-------------------------------------------
     0 | D:1      | FrenchFrogAreCool the Minotaur Berserker began the quest
                  | for the Orb.
     0 | D:1      | Reached XP level 1. HP: 19/19 MP: 0/0
   329 | D:1      | Reached skill level 4 in Axes
   330 | D:1      | Reached XP level 2. HP: 22/27 MP: 1/1
  1014 | D:1      | Reached XP level 3. HP: 25/33 MP: 2/2
  1014 | D:1      | Reached ** piety under Trog
  2047 | D:2      | Reached XP level 4. HP: 39/41 MP: 3/3
  2265 | D:2      | Found a broken altar of Ashenzari.
  2802 | D:3      | Found a faded altar of an unknown god.
  2881 | D:3      | Reached skill level 5 in Fighting
  2956 | D:3      | Reached *** piety under Trog
  2957 | D:3      | Reached skill level 5 in Axes
  3018 | D:3      | Reached XP level 5. HP: 48/48 MP: 4/4
  3305 | D:3      | Found a snail-covered altar of Cheibriados.
  3308 | D:3      | Found a bloodstained altar of Trog.
  4054 | D:4      | Reached skill level 6 in Axes
  4111 | D:4      | Noticed Pikel
  4111 | D:4      | Noticed a lemure
  4111 | D:4      | Noticed a lemure
  4112 | D:4      | Noticed a lemure
  4112 | D:4      | Noticed a lemure
  4123 | D:4      | Killed a lemure
  4123 | D:4      | Killed a lemure
  4123 | D:4      | Killed Pikel
  4124 | D:4      | Reached skill level 7 in Axes
  4124 | D:4      | Reached XP level 6. HP: 29/57 MP: 5/5
  4124 | D:4      | Reached XP level 7. HP: 33/63 MP: 6/6
  4358 | D:4      | Noticed Dowan
  4359 | D:4      | Noticed Duvessa
  4366 | D:4      | Killed Dowan
  4372 | D:4      | Slain by Duvessa

Illustrated notes

Levels and vault maps discovered:
D:1:      shiori_arrival_oz, layout_loops_corners, roderic_lattice_a,
          minmay_small_reverse_x
D:2:      layout_loops_cross, basic_altar
D:3:      layout_basic, chequers_temple_overflow_statue_of_worship,
          hellmonk_ecumenical_altar_arch_garden, kennysheep_generic_room_8
D:4:      layout_rooms, uniq_duvessa, uniq_pikel

Skill      XL: |  1  2  3  4  5 |
---------------+----------------+-----
Axes           | 4 5 7 |  7.9
Fighting       | 4 5 6 |  6.0
Dodging        | 3 |  3.9
Armour         | 4 |  4.3
Stealth        | |  0.7

Action                   |  1- 3 |  4- 6 |  7- 9 || total
-------------------------+-------+-------+-------++-------
Melee: Hand axe          |    54 |       |       ||    54
       Headbutt          |     6 |    17 |     3 ||    26
       War axe           |    25 |    99 |    16 ||   140
       Punch             |     1 |     1 |       ||     2
Invok: Berserk           |       |     1 |       ||     1
 Stab: Sleeping          |     1 |       |       ||     1
Armor: Animal skin       |    13 |     6 |       ||    19
       Chain mail        |       |    48 |     2 ||    50
Dodge: Dodged            |    46 |    68 |    11 ||   125
